 Dungeon Crawl Stone Soup version 0.30-a0-168-g0b976cbdc4 (webtiles) character file.

Game seed: 7622977568467409004

20828 qw the Cleaver (level 12, -6/77 HPs)
             Began as a Gargoyle Fighter on Sept 29, 2022.
             Was a High Priest of Okawaru.
             Mangled by an eight-headed hydra (9 damage)
             ... on level 5 of the Lair of Beasts.
             The game lasted 00:04:11 (13299 turns).

qw the Cleaver (Gargoyle Fighter)                  Turns: 13299, Time: 00:04:12

Health: -6/77      AC: 36    Str: 25    XL:     12   Next: 83%
Magic:  13/19      EV: 10    Int: 12    God:    Okawaru [*****.]
Gold:   827        SH:  6    Dex:  9    Spells: 11/11 levels left

rFire   . . .      SeeInvis .    j - +0 flail (drain)
rCold   . . .      Faith    .    c - +0 buckler
rNeg    + . .      Spirit   .    s - +4 plate armour
rPois   inf        Reflect  .    u - +1 helmet {Int+3}
rElec   +          Harm     .    (no cloak)
rCorr   .          Rampage  .    b - +0 pair of gloves
Will    .....                    h - +1 pair of boots
Stlth   ..........               (no amulet)
HPRegen 0.22/turn                l - +4 ring of evasion
MPRegen 0.16/turn                (no ring)

@: heroic, finesse-ful, grasped by roots, constricted
A: sickness immunity, AC +8, negative energy resistance 1, electricity
resistance, torment resistance 1, petrification resistance
a: Renounce Religion, Heroism, Finesse, Duel


You were on level 5 of the Lair of Beasts.
You worshipped Okawaru.
Okawaru was extremely pleased with you.
You visited 3 branches of the dungeon, and saw 14 of its levels.

You collected 827 gold pieces.


Innate Abilities, Weirdness & Mutations

You are immune to sickness and miasma.
Your stone body is resilient. (AC +8)
You are immune to poison.
You resist negative energy. (rN+)
You are resistant to electric shocks. (rElec)
You are resistant to unholy torment.
You are immune to petrification.


   Skills:
 - Level 10.0(15.0) Fighting
 - Level 13.0(18.0) Axes
 + Level 1.6(6.6) Throwing
 - Level 9.0(14.0) Armour
 - Level 2.3(7.3) Dodging
 - Level 6.0(11.0) Shields
 - Level 10.0 Invocations


You had 11 spell levels left.
You didn't know any spells.
Your spell library was empty.

Inventory:

Hand Weapons
 j - a +0 flail of draining (weapon)
 Y - a +1 vorpal war axe
Missiles
 f - 6 boomerangs (quivered)
Armour
 b - a +0 pair of gloves (worn)
 c - a +0 buckler (worn)
 e - a +7 plate armour of ponderousness
 h - a +1 pair of boots (worn)
 o - the +2 scale mail of the Sea {rN++ rCorr}
   (You found it on level 3 of the Lair of Beasts)

   rN:        It greatly protects you from negative energy.
   rCorr:     It protects you from acid and corrosion.
 s - a +4 plate armour (worn)
 u - a +1 helmet of intelligence (worn)
Jewellery
 l - a +4 ring of evasion (left hand)
 n - a ring of ice
 v - a ring of magical power
Scrolls
 a - 4 scrolls of identify
 g - 5 scrolls of teleportation
 w - a scroll of noise {unknown}
Potions
 d - 2 potions of might
 i - 2 potions of cancellation
 k - 6 potions of lignification
 m - a potion of curing
 p - a potion of haste
 q - a potion of magic
 r - a potion of attraction
 t - 4 potions of heal wounds
 x - a potion of mutation

Dungeon Overview and Level Annotations

Branches:
Dungeon (8/15)             Temple (1/1) D:4            Lair (5/5) D:8
 Shoals (0/4) Lair:2       Spider (0/4) Lair:3        Slime (0/5) Lair:4

Altars:
Cheibriados
Dithmenos
Elyvilon
Fedhas
Gozag
Kikubaaqudgha
Makhleb
Nemelex Xobeh
Okawaru
Ru
Sif Muna
Trog
Uskayaw
Vehumet
Wu Jian
Xom
Zin
The Shining One
Jiyva

Annotations:
Lair:1 3 runed translucent doors, qw's ghost, novice GrFi
Lair:5 Nessos


Message History

Nessos seems to speed up.
The eight-headed hydra bites you but does no damage. x3
The eight-headed hydra closely misses you. x2
The eight-headed hydra barely misses you.
The eight-headed hydra bites you!
The eight-headed hydra bites you but does no damage.
You hit the eight-headed hydra.
The eight-headed hydra is heavily wounded.
Nessos stands on their hind legs for a moment.
Nessos shoots an arrow.
The arrow hits you! The arrow burns you.
You hit the eight-headed hydra but do no damage.
The eight-headed hydra is heavily wounded.
You barely miss the eight-headed hydra.
The eight-headed hydra is heavily wounded.
Nessos pounds the earth with their hooves.
The eight-headed hydra closely misses you.
The eight-headed hydra bites you but does no damage.
The eight-headed hydra closely misses you. x2
The eight-headed hydra bites you but does no damage.
The eight-headed hydra barely misses you.
The eight-headed hydra closely misses you.
The eight-headed hydra misses you.
You hit the eight-headed hydra. You drain the eight-headed hydra.
The eight-headed hydra is heavily wounded.
Nessos zaps a wand.
The roots erupt in riotous growth!
The grasping roots grab you! The grasping roots constrict you.
You hear an angry hiss.
You barely miss the eight-headed hydra.
The eight-headed hydra is heavily wounded.
Nessos gestures wildly while chanting.
Nessos blinks!
The grasping roots constrict you.
You sock the eight-headed hydra! You drain the eight-headed hydra.
The eight-headed hydra is almost dead.
Nessos says, "Study your classics!"
Nessos shoots an arrow.
The arrow hits you! The arrow burns you. The grasping roots constrict you.
You block the eight-headed hydra's attack.
The eight-headed hydra bites you!
You die...

...............
...#............
.............ยค...
.................
.................
..................
.......D..........
........@.........
.#............c.....
....................
?...................
...................
..................
...............##. #.
......%........######
#..
..............#.#.#.#
...


You could see Nessos (fast) and an eight-headed hydra (drained).

Vanquished Creatures
  A hydra (Lair:2)
  A two-headed ogre (D:8)
  A boulder beetle (Lair:1)
  8 elephants
  A merfolk siren (Lair:2)
  2 black mambas (Lair:3)
  12 cane toads
  5 rime drakes
  7 komodo dragons
  A polar bear (Lair:3)
  4 blink frogs
  A culicivora (Lair:3)
  A jumping spider (Lair:3)
  3 wyverns
  16 yaks
  2 basilisks
  A steam dragon (Lair:2)
  2 redbacks (Lair:3)
  7 water moccasins
  3 ice beasts
  An orc warrior (D:6)
  A sky beast (D:7)
  11 wolves
  2 centaurs
  3 ogres
  7 bullfrogs
  A necrophage (D:6)
  2 gnoll sergeants (D:8)
  4 wights (D:8)
  4 electric eels
  A lava snake (Lair:3)
  2 jellies
  An orc priest (D:8)
  4 hounds
  8 iguanas
  3 orc wizards
  8 gnolls (D:8)
  7 adders
  A shadow imp (D:5)
  A white imp (D:7)
  An ufetubus (D:6)
  2 dart slugs
  16 orcs
  4 ball pythons
  7 endoplasms
  7 giant cockroaches
  6 goblins
  6 hobgoblins
  3 jackals (D:3)
  4 quokkas
  3 bats
  4 frilled lizards
  2 kobolds
  9 rats
225 creatures vanquished.

Vanquished Creatures (others)
  14 fungi
  24 plants
38 creatures vanquished.

Grand Total: 263 creatures vanquished

Notes
Turn   | Place    | Note
-------+----------+-------------------------------------------
     0 | D:1      | qw the Gargoyle Fighter began the quest for the Orb.
     0 | D:1      | Reached XP level 1. HP: 14/14 MP: 1/1
     0 | D:1      | 0 ||| qw: Version: 0.2-a-12-gaebbb33
     0 | D:1      | 0 ||| qw: Game counter: 1098
     0 | D:1      | 0 ||| qw: Always use a shield: true
     0 | D:1      | 0 ||| qw: God list: Okawaru
     0 | D:1      | 0 ||| qw: Allow faded altars: false
     0 | D:1      | 0 ||| qw: Do Orc after D:15 true
     0 | D:1      | 0 ||| qw: Do second Lair branch before Depths: true
     0 | D:1      | 0 ||| qw: Lair rune preference: random
     0 | D:1      | 0 ||| qw: Plans: Normal, Zot:1-4, God:TSO, Crypt, Tomb,
                  | Pan, Slime:5, Hells, Abyss, Orb
     0 | D:1      | 0 ||| PLANNING D:1-11
   107 | D:1      | Reached skill level 2 in Axes
   180 | D:1      | 180 ||| Stepping ~*~*~tactically~*~*~ (stealth).
   371 | D:1      | Reached XP level 2. HP: 17/19 MP: 2/2
   446 | D:1      | 446 ||| Stepping ~*~*~tactically~*~*~ (hiding).
   621 | D:1      | 621 ||| Stepping ~*~*~tactically~*~*~ (stealth).
   952 | D:1      | Reached skill level 3 in Axes
  1126 | D:1      | Found a faded altar of an unknown god.
  1408 | D:1      | 1408 ||| DROPPING amulet of magic regeneration.
  1409 | D:1      | 1409 ||| READING 2 scrolls labelled ZIOCOPECHOARY.
  1410 | D:1      | 1410 ||| READING scroll labelled OHIN GOTYRGH.
  1414 | D:1      | 1414 ||| READING scroll labelled RIOGGA RISTRU.
  1415 | D:1      | 1415 ||| DRINKING 2 smoky yellow potions.
  1490 | D:2      | Reached XP level 3. HP: 23/23 MP: 3/3
  1546 | D:2      | 1546 ||| Stepping ~*~*~tactically~*~*~ (stealth).
  1957 | D:2      | 1957 ||| Stepping ~*~*~tactically~*~*~ (stealth).
  2082 | D:2      | 2082 ||| DROPPING amulet of faith.
  2083 | D:2      | 2083 ||| UPGRADING to +4 ring of evasion.
  2084 | D:2      | 2084 ||| READING 2 scrolls labelled ROWUSKO FEFFAH.
  2085 | D:2      | 2085 ||| DROPPING scroll of amnesia.
  2839 | D:3      | 2839 ||| UPGRADING to +0 pair of boots.
  2844 | D:3      | 2844 ||| READING 2 scrolls labelled TOEFEI TEXARIT.
  2845 | D:3      | 2845 ||| READING scroll of enchant armour.
  2845 | D:3      | 2845 ||| ENCHANTING +0 pair of boots.
  2846 | D:3      | 2846 ||| READING 2 scrolls of identify.
  2846 | D:3      | 2846 ||| IDENTIFYING viscous dark potion
  2889 | D:4      | 2889 ||| PLANNING SEWER
  2895 | D:4      | Reached XP level 4. HP: 25/28 MP: 4/4
  2896 | D:4      | Reached skill level 4 in Axes
  3005 | D:4      | Reached XP level 5. HP: 25/32 MP: 5/5
  3094 | D:4      | Found a staircase to the Ecumenical Temple.
  3096 | D:4      | Found a shimmering altar of Xom.
  3173 | D:4      | Identified the +1 robe of the Armadillo {Rampage Str-2
                  | Int+2 Stlth+}
  3199 | D:4      | Noticed an ice beast
  3207 | D:4      | Killed an ice beast
  3208 | D:4      | Reached skill level 5 in Axes
  3208 | D:4      | Reached XP level 6. HP: 23/37 MP: 6/6
  3325 | D:4      | Found an opulent altar of Gozag.
  3338 | D:4      | 3338 ||| Stepping ~*~*~tactically~*~*~ (stealth).
  3500 | D:4      | 3500 ||| RIP SEWER
  3560 | D:4      | 3560 ||| PLANNING TEMPLE
  3560 | D:4      | 3560 ||| UPGRADING to +7 plate armour of ponderousness.
  3570 | D:4      | 3570 ||| DROPPING +0 scale mail.
  3571 | D:4      | 3571 ||| DROPPING +0 chain mail.
  3619 | D:4      | 3619 ||| FLEEEEING.
  3620 | D:4      | 3620 ||| FLEEEEING.
  3621 | D:4      | 3621 ||| FLEEEEING.
  3624 | D:4      | 3624 ||| STAIRDANCE
  3643 | Temple   | Entered the Ecumenical Temple
  3726 | Temple   | 3726 ||| PLANNING OKAWARU WORSHIP
  3799 | Temple   | Became a worshipper of Warmaster Okawaru
  3800 | Temple   | 3800 ||| PLANNING D:1-11
  3909 | D:4      | 3909 ||| Stepping ~*~*~tactically~*~*~ (stealth).
  3947 | D:4      | Reached skill level 6 in Axes
  4115 | D:4      | 4115 ||| UPGRADING to +0 pair of gloves.
  4120 | D:4      | 4120 ||| READING 2 scrolls of identify.
  4120 | D:4      | 4120 ||| IDENTIFYING golden potion
  4160 | D:5      | Entered Level 5 of the Dungeon
  4187 | D:5      | 4187 ||| Stepping ~*~*~tactically~*~*~ (hiding).
  4466 | D:5      | Reached XP level 7. HP: 32/43 MP: 7/7
  4730 | D:5      | 4730 ||| Stepping ~*~*~tactically~*~*~ (stealth).
  4846 | D:5      | 4846 ||| READING scroll labelled DOURGH FOVAEJOCH.
  4847 | D:5      | 4847 ||| READING 2 scrolls of identify.
  4847 | D:5      | 4847 ||| IDENTIFYING fizzy white potion
  4848 | D:5      | 4848 ||| DROPPING potion of degeneration.
  4894 | D:6      | 4894 ||| STAIRDANCE
  4983 | D:6      | 4983 ||| Stepping ~*~*~tactically~*~*~ (stealth).
  4986 | D:6      | 4986 ||| Stepping ~*~*~tactically~*~*~ (stealth).
  4988 | D:6      | 4988 ||| Stepping ~*~*~tactically~*~*~ (stealth).
  5000 | D:6      | Identified the +1 robe of the Watchman {SInv}
  5147 | D:6      | Reached * piety under Okawaru
  5148 | D:6      | Reached skill level 7 in Axes
  5479 | D:6      | Reached skill level 1 in Invocations
  5564 | D:6      | 5564 ||| READING scroll labelled ZURUSU ZE UKU.
  5565 | D:6      | 5565 ||| READING scroll labelled NONOXZ TASTROWOUJ.
  5566 | D:6      | 5566 ||| DRINKING 2 dark potions.
  5600 | D:7      | Found a shadowy altar of Dithmenos.
  5601 | D:7      | 5601 ||| INVOKING Heroism.
  5602 | D:7      | 5602 ||| STAIRDANCE
  5623 | D:6      | 5623 ||| DROPPING +0 whip.
  5627 | D:7      | 5627 ||| STAIRDANCE
  5629 | D:6      | 5629 ||| INVOKING Heroism.
  5632 | D:6      | Reached XP level 8. HP: 39/48 MP: 5/9
  5685 | D:7      | 5685 ||| Stepping ~*~*~tactically~*~*~ (stealth).
  5686 | D:7      | 5686 ||| Stepping ~*~*~tactically~*~*~ (hiding).
  5687 | D:7      | 5687 ||| Stepping ~*~*~tactically~*~*~ (hiding).
  5688 | D:7      | 5688 ||| INVOKING Heroism.
  5693 | D:7      | 5693 ||| DRINKING potion of curing.
  5693 | D:7      | 5693 ||| (to cure confusion)
  5700 | D:7      | 5700 ||| STAIRDANCE
  5703 | D:6      | 5703 ||| INVOKING Heroism.
  5734 | D:7      | 5734 ||| INVOKING Heroism.
  5740 | D:7      | Reached skill level 3 in Invocations
  5742 | D:7      | Reached skill level 1 in Dodging
  5750 | D:7      | 5750 ||| Stepping ~*~*~tactically~*~*~ (stealth).
  5751 | D:7      | 5751 ||| Stepping ~*~*~tactically~*~*~ (stealth).
  5752 | D:7      | 5752 ||| Stepping ~*~*~tactically~*~*~ (stealth).
  5800 | D:7      | 5800 ||| Stepping ~*~*~tactically~*~*~ (stealth).
  5801 | D:7      | 5801 ||| Stepping ~*~*~tactically~*~*~ (stealth).
  5802 | D:7      | 5802 ||| Stepping ~*~*~tactically~*~*~ (stealth).
  5820 | D:7      | 5820 ||| INVOKING Heroism.
  5822 | D:7      | 5822 ||| STAIRDANCE
  6029 | D:7      | Found a hide-covered altar of Uskayaw.
  6120 | D:7      | Reached skill level 1 in Throwing
  6133 | D:7      | 6133 ||| INVOKING Heroism.
  6403 | D:7      | Found a radiant altar of Vehumet.
  6521 | D:7      | 6521 ||| READING 2 scrolls of identify.
  6521 | D:7      | 6521 ||| IDENTIFYING green potion
  6522 | D:7      | 6522 ||| DROPPING potion of invisibility.
  6582 | D:8      | Noticed a wyvern
  6583 | D:8      | 6583 ||| INVOKING Heroism.
  6589 | D:8      | Killed a wyvern
  6590 | D:8      | Reached skill level 8 in Axes
  6594 | D:8      | Reached ** piety under Okawaru
  6595 | D:8      | Reached XP level 9. HP: 22/54 MP: 10/12
  6600 | D:8      | HP: 8/54 [gnoll sergeant/+1 trident of venom (8)]
  6601 | D:8      | 6601 ||| READING 3 scrolls of teleportation.
  6602 | D:8      | 6602 ||| DRINKING potion of heal wounds.
  6605 | D:8      | 6605 ||| INVOKING Heroism.
  6790 | D:8      | 6790 ||| INVOKING Heroism.
  6796 | D:8      | Reached skill level 6 in Fighting
  6897 | D:8      | 6897 ||| Stepping ~*~*~tactically~*~*~ (hiding).
  6901 | D:8      | Noticed a two-headed ogre
  6902 | D:8      | 6902 ||| INVOKING Heroism.
  6922 | D:8      | Killed a two-headed ogre
  6923 | D:8      | Reached skill level 9 in Axes
  6929 | D:8      | 6929 ||| INVOKING Heroism.
  7204 | D:8      | 7204 ||| INVOKING Heroism.
  7410 | D:8      | 7410 ||| Stepping ~*~*~tactically~*~*~ (stealth).
  7423 | D:8      | 7423 ||| DROPPING +0 flail.
  7488 | D:8      | Found a staircase to the Lair.
  7567 | D:8      | Found a glowing silver altar of Zin.
  7657 | D:8      | 7657 ||| Stepping ~*~*~tactically~*~*~ (stealth).
  7659 | D:8      | 7659 ||| Stepping ~*~*~tactically~*~*~ (stealth).
  7660 | D:8      | 7660 ||| Stepping ~*~*~tactically~*~*~ (stealth).
  7661 | D:8      | 7661 ||| Stepping ~*~*~tactically~*~*~ (stealth).
  7662 | D:8      | 7662 ||| Stepping ~*~*~tactically~*~*~ (stealth).
  7665 | D:8      | 7665 ||| Stepping ~*~*~tactically~*~*~ (stealth).
  7667 | D:8      | 7667 ||| Stepping ~*~*~tactically~*~*~ (stealth).
  7668 | D:8      | 7668 ||| Stepping ~*~*~tactically~*~*~ (stealth).
  7669 | D:8      | 7669 ||| Stepping ~*~*~tactically~*~*~ (stealth).
  7670 | D:8      | 7670 ||| Stepping ~*~*~tactically~*~*~ (stealth).
  7671 | D:8      | 7671 ||| INVOKING Heroism.
  7677 | D:8      | Reached skill level 6 in Armour
  7869 | D:8      | 7869 ||| PLANNING LAIR
  7938 | Lair:1   | Entered Level 1 of the Lair of Beasts
  7938 | Lair:1   | Noticed an elephant
  7938 | Lair:1   | Noticed an elephant
  7938 | Lair:1   | Noticed an elephant
  7938 | Lair:1   | Noticed an elephant
  7939 | Lair:1   | 7939 ||| INVOKING Heroism.
  7946 | Lair:1   | Killed an elephant
  7946 | Lair:1   | Reached *** piety under Okawaru
  7947 | Lair:1   | Reached XP level 10. HP: 44/63 MP: 10/13
  7948 | Lair:1   | Killed an elephant
  7949 | Lair:1   | Reached skill level 10 in Axes
  7952 | Lair:1   | Killed an elephant
  7955 | Lair:1   | Killed an elephant
  7959 | Lair:1   | 7959 ||| Stepping ~*~*~tactically~*~*~ (hiding).
  7960 | Lair:1   | 7960 ||| Stepping ~*~*~tactically~*~*~ (hiding).
  7970 | Lair:1   | 7970 ||| INVOKING Heroism.
  8218 | Lair:1   | 8218 ||| INVOKING Heroism.
  8250 | Lair:1   | Noticed a cane toad
  8251 | Lair:1   | 8251 ||| INVOKING Heroism.
  8253 | Lair:1   | Noticed a cane toad
  8260 | Lair:1   | Killed a cane toad
  8260 | Lair:1   | Reached **** piety under Okawaru
  8263 | Lair:1   | Killed a cane toad
  8359 | Lair:1   | 8359 ||| INVOKING Heroism.
  8407 | Lair:1   | Found a runed translucent gate.
  8408 | Lair:1   | Found a runed translucent gate.
  8409 | Lair:1   | Found a runed translucent gate.
  8409 | Lair:1   | Noticed a cane toad
  8410 | Lair:1   | Noticed a six-headed hydra
  8410 | Lair:1   | Noticed a minotaur
  8428 | Lair:1   | Noticed qw's ghost (novice GrFi)
  8431 | Lair:1   | 8431 ||| Stepping ~*~*~tactically~*~*~ (stealth).
  8434 | Lair:1   | 8434 ||| Stepping ~*~*~tactically~*~*~ (stealth).
  8439 | Lair:1   | 8439 ||| Stepping ~*~*~tactically~*~*~ (stealth).
  8443 | Lair:1   | 8443 ||| INVOKING Heroism.
  8445 | Lair:1   | Received a gift from Okawaru
  8637 | Lair:1   | Noticed a cane toad
  8638 | Lair:1   | 8638 ||| INVOKING Heroism.
  8645 | Lair:1   | Killed a cane toad
  8646 | Lair:1   | Reached skill level 6 in Invocations
  8646 | Lair:1   | Reached XP level 11. HP: 55/69 MP: 13/15
  8772 | Lair:1   | 8772 ||| Stepping ~*~*~tactically~*~*~ (stealth).
  8773 | Lair:1   | 8773 ||| Stepping ~*~*~tactically~*~*~ (stealth).
  8813 | Lair:1   | 8813 ||| INVOKING Heroism.
  8833 | Lair:1   | Reached ***** piety under Okawaru
  8834 | Lair:1   | Reached skill level 11 in Axes
  9051 | Lair:1   | Found a hide-covered altar of Uskayaw.
  9051 | Lair:1   | Noticed a boulder beetle
  9052 | Lair:1   | Found an ornate altar of the Wu Jian Council.
  9054 | Lair:1   | 9054 ||| INVOKING Heroism.
  9055 | Lair:1   | 9055 ||| INVOKING Finesse.
  9075 | Lair:1   | 9075 ||| INVOKING Heroism.
  9097 | Lair:1   | Killed a boulder beetle
  9098 | Lair:1   | Reached skill level 9 in Fighting
  9321 | Lair:1   | 9321 ||| UPGRADING to +4 plate armour.
  9357 | Lair:2   | 9357 ||| PLANNING GAUNTLET
  9395 | Lair:2   | 9395 ||| Stepping ~*~*~tactically~*~*~ (hiding).
  9503 | Lair:2   | Found a staircase to the Shoals.
  9524 | Lair:2   | 9524 ||| INVOKING Heroism.
  9535 | Lair:2   | Noticed an eight-headed hydra
  9536 | Lair:2   | 9536 ||| INVOKING Finesse.
  9541 | Lair:2   | Received a gift from Okawaru
  9544 | Lair:2   | 9544 ||| SWAPPING to +0 flail of draining.
  9553 | Lair:2   | Killed an eight-headed hydra
  9554 | Lair:2   | 9554 ||| SWAPPING to +0 vorpal war axe.
  9805 | Lair:2   | 9805 ||| RIP GAUNTLET
  9806 | Lair:2   | 9806 ||| PLANNING LAIR
  9806 | Lair:2   | 9806 ||| INVOKING Heroism.
 10022 | Lair:2   | 10022 ||| INVOKING Heroism.
 10029 | Lair:2   | Identified the +1 scale mail of the Game of Kings {Int+3}
                  | (Okawaru gifted it to you on level 2 of the Lair of Beasts)
 10029 | Lair:2   | Received a gift from Okawaru
 10252 | Lair:2   | 10252 ||| DRINKING 2 fuming blue potions.
 10253 | Lair:2   | 10253 ||| READING 6 scrolls of identify.
 10253 | Lair:2   | 10253 ||| IDENTIFYING inky potion
 10254 | Lair:2   | 10254 ||| READING 5 scrolls of identify.
 10254 | Lair:2   | 10254 ||| IDENTIFYING silvery potion
 10255 | Lair:2   | 10255 ||| READING 4 scrolls of identify.
 10255 | Lair:2   | 10255 ||| IDENTIFYING amethyst potion
 10256 | Lair:2   | 10256 ||| DROPPING potion of flight.
 10257 | Lair:2   | 10257 ||| DROPPING potion of brilliance.
 10258 | Lair:2   | 10258 ||| DROPPING potion of ambrosia.
 10287 | Lair:3   | 10287 ||| INVOKING Heroism.
 10297 | Lair:3   | Reached skill level 9 in Invocations
 10645 | Lair:3   | 10645 ||| INVOKING Heroism.
 10760 | Lair:3   | 10760 ||| INVOKING Heroism.
 10769 | Lair:3   | Reached XP level 12. HP: 69/76 MP: 17/19
 10815 | Lair:3   | 10815 ||| Stepping ~*~*~tactically~*~*~ (stealth).
 10818 | Lair:3   | 10818 ||| INVOKING Heroism.
 10967 | Lair:3   | Identified the +2 scale mail of the Sea {rN++ rCorr}
 11000 | Lair:3   | 11000 ||| INVOKING Heroism.
 11006 | Lair:3   | Reached skill level 12 in Axes
 11193 | Lair:3   | Found a hole to the Spider Nest.
 11195 | Lair:3   | 11195 ||| INVOKING Heroism.
 11203 | Lair:3   | Reached skill level 6 in Shields
 11431 | Lair:3   | 11431 ||| READING 3 scrolls of identify.
 11431 | Lair:3   | 11431 ||| IDENTIFYING brown potion
 11485 | Lair:4   | 11485 ||| INVOKING Heroism.
 11486 | Lair:4   | 11486 ||| STAIRDANCE
 11499 | Lair:4   | 11499 ||| STAIRDANCE
 11623 | Lair:4   | 11623 ||| STAIRDANCE
 11625 | Lair:3   | 11625 ||| INVOKING Heroism.
 11632 | Lair:3   | Reached skill level 9 in Armour
 11692 | Lair:4   | 11692 ||| STAIRDANCE
 11724 | Lair:4   | 11724 ||| STAIRDANCE
 11726 | Lair:3   | 11726 ||| INVOKING Heroism.
 11888 | Lair:4   | 11888 ||| INVOKING Heroism.
 12231 | Lair:4   | 12231 ||| INVOKING Heroism.
 12635 | Lair:4   | You fall into a shaft and drop 1 floor!
 12635 | Lair:5   | Entered Level 5 of the Lair of Beasts
 12643 | Lair:5   | 12643 ||| INVOKING Heroism.
 12726 | Lair:5   | 12726 ||| INVOKING Heroism.
 12773 | Lair:5   | 12773 ||| INVOKING Heroism.
 12799 | Lair:5   | 12799 ||| READING 2 scrolls labelled XIPROV PIAJUT.
 12800 | Lair:5   | 12800 ||| READING scroll labelled IVEEPL CEYX.
 12801 | Lair:5   | 12801 ||| DRINKING 2 cyan potions.
 12802 | Lair:5   | 12802 ||| READING 6 scrolls of identify.
 12802 | Lair:5   | 12802 ||| IDENTIFYING murky dark potion
 12803 | Lair:5   | 12803 ||| READING 5 scrolls of identify.
 12803 | Lair:5   | 12803 ||| IDENTIFYING metallic grey potion
 12804 | Lair:5   | 12804 ||| DROPPING scroll of immolation.
 12805 | Lair:5   | 12805 ||| DROPPING potion of berserk rage.
 12838 | Lair:4   | 12838 ||| Stepping ~*~*~tactically~*~*~ (stealth).
 12839 | Lair:4   | 12839 ||| Stepping ~*~*~tactically~*~*~ (stealth).
 12843 | Lair:4   | 12843 ||| INVOKING Heroism.
 12848 | Lair:4   | Received a gift from Okawaru
 12994 | Lair:4   | Found a viscous altar of Jiyva.
 12996 | Lair:4   | Found a staircase to the Slime Pits.
 13028 | Lair:4   | 13028 ||| UPGRADING to +1 helmet of intelligence.
 13049 | Lair:5   | 13049 ||| INVOKING Heroism.
 13260 | Lair:5   | Reached skill level 13 in Axes
 13283 | Lair:5   | Noticed Nessos
 13284 | Lair:5   | 13284 ||| INVOKING Finesse.
 13286 | Lair:5   | 13286 ||| INVOKING Heroism.
 13287 | Lair:5   | Noticed an eight-headed hydra
 13291 | Lair:5   | 13291 ||| SWAPPING to +0 flail of draining.
 13299 | Lair:5   | HP: 8/77 [Nessos/arrow (13)]
 13299 | Lair:5   | HP: 3/77 [Nessos/arrow (5)]
 13299 | Lair:5   | Mangled by an eight-headed hydra

Levels and vault maps discovered:
D:1:      saegor_arrival_under_anarchy, layout_loops_corners,
          hellmonk_ecumenical_altar_inner_sanctum
D:2:      layout_basic
D:3:      layout_loops_ring
D:4:      layout_cave_pools, mainiacjoe_overflow_24_doors,
          mainiacjoe_overflow_tiny_flanked, minmay_temple_entry_offerings,
          portal_sewer_entry_f
D:5:      layout_rooms
D:6:      layout_gridville, kennysheep_nondescript, nicolae_figureground_pulse
D:7:      layout_basic, mainiacjoe_overflow_catwalk, mainiacjoe_overflow_paths,
          mainiacjoe_overflow_small_starburst
D:8:      layout_loops_ring, zin_scriptorium, lair_entry_dummy, st_stairs_11,
          moated_statue, minmay_misc_feat_diagonals
Temple:   hellmonk_temple_flake
Lair:1:   layout_regular_city, maelrawn_ghost_gauntlet_escape,
          nzn_masters_of_martial_movement, lemuel_fruit_fields,
          grunt_megastairs_2
Lair:2:   layout_cave_shapes, minmay_shoals_entry_lonely_mermaid,
          gauntlet_entry_generic
Lair:3:   layout_gridlike, spider_nest_entry_funnel_web,
          nicolae_quartered_pool_super
Lair:4:   layout_regular_city, dpeg_slime_entry_corner, grunt_megastairs_5
Lair:5:   hangedman_lair_caniforms_friends, layout_long_grid, disabler_island,
          lemuel_fruit_tree, uniq_nessos

Skill      XL: |  1  2  3  4  5  6  7  8  9 10 11 12 |
---------------+-------------------------------------+-----
Axes           | 2 3 4 5 6 7 8 9 10 11 13 | 13.0
Fighting       | 4 5 7 8 9 10 | 10.0
Armour         | 4 6 7 8 9 |  9.0
Invocations    | 2 4 6 9 10 | 10.0
Dodging        | 1 2 |  2.3
Throwing       | 1 |  1.6
Shields        | 4 5 6 |  6.0

Action                   |  1- 3 |  4- 6 |  7- 9 | 10-12 || total
-------------------------+-------+-------+-------+-------++-------
Melee: War axe           |   127 |   106 |   215 |   378 ||   826
       Flail             |       |       |       |    16 ||    16
Throw: Boomerang         |       |    11 |    14 |    89 ||   114
Invok: Heroism           |       |       |    15 |    29 ||    44
       Finesse           |       |       |       |     3 ||     3
  Use: Scroll            |     7 |     1 |     6 |     8 ||    22
       Potion            |     1 |       |     3 |     2 ||     6
Armor: Scale mail        |    60 |    14 |       |       ||    74
       Plate armour      |       |    22 |   142 |   186 ||   350
Dodge: Dodged            |    50 |    69 |   152 |   181 ||   452
Block: Buckler           |    21 |    15 |    52 |    84 ||   172

Table legend:
 A = Non-vault XP
 B = Vault XP
 C = Vault XP percentage of total XP
 D = Non-vault monster count
 E = Vault monster count
 F = Vault count percentage of total count
                 A         B        C        D         E       F
            +---------+---------+-------+---------+---------+-------
      Total |   23684 |    6071 |  20.4 |     194 |      31 |  13.8
            +---------+---------+-------+---------+---------+-------
        D:1 |      32 |       0 |   0.0 |      20 |       0 |   0.0
        D:2 |      16 |       0 |   0.0 |      11 |       0 |   0.0
        D:3 |      31 |       0 |   0.0 |      11 |       0 |   0.0
        D:4 |     449 |      10 |   2.2 |      25 |       5 |  16.7
        D:5 |     287 |       0 |   0.0 |      10 |       0 |   0.0
        D:6 |     614 |       0 |   0.0 |      11 |       0 |   0.0
        D:7 |     640 |       0 |   0.0 |      11 |       0 |   0.0
        D:8 |    1865 |     305 |  14.1 |      24 |       3 |  11.1
     Lair:1 |    5906 |    2016 |  25.4 |      18 |       6 |  25.0
     Lair:2 |    3491 |     451 |  11.4 |      14 |       1 |   6.7
     Lair:3 |    5960 |    2661 |  30.9 |      22 |      11 |  33.3
     Lair:4 |    2026 |     264 |  11.5 |       6 |       1 |  14.3
     Lair:5 |    2367 |     364 |  13.3 |      11 |       4 |  26.7
            +---------+---------+-------+---------+---------+-------
